 Dungeon Sprint DCSS version 0.23.2-11-gf996548c65 (webtiles) character file.

Game seed: 9356378336531830179

1402 wilfster70 the Quickloader (level 9, -35/76 HPs)
             Began as a Formicid Hunter on June 5, 2019.
             Was an Elder of Qazlal.
             Killed from afar by a deep elf knight (38 damage)
             ... with a shard of ice
             ... in the Dungeon (Sprint V: "Ziggurat Sprint").
             The game lasted 00:03:53 (386 turns).

wilfster70 the Quickloader (Formicid Hunter)         Turns: 386, Time: 00:03:53

Health: -35/76     AC: 25    Str: 31    XL:     9   Next: 1%
Magic:  0/16       EV:  1    Int: 12    God:    Qazlal [****..]
Gold:   0          SH: 35    Dex: 11    Spells: 8/8 levels left

rFire    + . .     SeeInvis +   a - +9 heavy crossbow "Sniper" {velocity, Acc+∞ SInv}
rCold    + . .     Gourm    .   h - +18 shield of the Gong {rElec rN+ MR+ EV-5}
rNeg     + . .     Faith    .   l - +9 gold dragon scales
rPois    +         Spirit   +   (helmet unavailable)
rElec    +         Reflect  .   (no cloak)
rCorr    .         Harm     .   (no gloves)
MR       +....                  (no boots)
Stlth    ..........             k - amulet of guardian spirit
HPRegen  0.22/turn              p - +6 ring of strength
MPRegen  0.15/turn              q - +6 ring of strength

@: repel missiles
A: permanent stasis, dig shafts and tunnels, four strong arms, antennae 3
a: Dig, Upheaval, Elemental Force, Renounce Religion


You were in the Dungeon.
You worshipped Qazlal.
Qazlal was greatly pleased with you.
You were not hungry.

You visited 1 branch

Inventory:

Hand Weapons
 a - the +9 heavy crossbow "Sniper" (weapon) {velocity, Acc+∞ SInv}
   (You found it in the Dungeon)

   Any bolt fired from it inflicts extra damage.
   It lets you see invisible.
 b - a +9 broad axe
Missiles
 d - 15 bolts (quivered)
Armour
 h - the +18 shield of the Gong (worn) {rElec rN+ MR+ EV-5}
   (You found it in the Dungeon)

   It affects your evasion (-5).
   It insulates you from electricity.
   It protects you from negative energy.
   It affects your resistance to hostile enchantments.
 l - +9 gold dragon scales (worn)
Jewellery
 c - a +6 ring of dexterity
 k - an amulet of guardian spirit (around neck)
 m - a +6 ring of dexterity
 n - a +6 ring of intelligence
 o - a +6 ring of intelligence
 p - a +6 ring of strength (left hand)
 q - a +6 ring of strength (right hand)
Wands
 r - a wand of disintegration (7)
 s - a wand of iceblast (7)
 t - a wand of acid (7)
Scrolls
 y - 4 scrolls of amnesia
 B - 7 scrolls of fog
 C - a scroll of holy word
 D - 5 scrolls of identify
 E - 5 scrolls of remove curse
 F - 2 scrolls of fear
Potions
 e - 10 potions of curing
 g - 10 potions of heal wounds
 i - 7 potions of magic
 u - 2 potions of brilliance
 v - 2 potions of invisibility
 w - 4 potions of resistance
 z - 5 potions of agility
 A - 5 potions of might
Miscellaneous
 j - a box of beasts
Comestibles
 f - 7 rations


   Skills:
 + Level 9.3 Fighting
 * Level 10.6 Crossbows
 + Level 9.0 Armour
 - Level 1.7 Dodging
 - Level 1.2 Stealth
 - Level 9.2 Shields
 + Level 9.8 Invocations


You had 8 spell levels left.
You didn't know any spells.
Your spell library contained the following spells:

 Spells                   Type           Power        Failure   Level  Hunger
 Animate Skeleton         Necr           N/A          100%        1    ##.....
 Gell's Gravitas          Tloc           #.........   100%        3    ####...
 Portal Projectile        Hex/Tloc       #.....       100%        3    ####...
 Force Lance              Conj/Tloc      #.......     100%        4    #####..
 Bolt of Draining         Conj/Necr      #.........   100%        5    ######.
 Borgnjor's Vile Clutch   Necr/Erth      #.........   100%        5    ######.
 Dispersal                Tloc           #.........   100%        6    #######
 Disjunction              Tloc           #.........   100%        8    #######
 Controlled Blink         Tloc           Unusable     N/A         8    N/A

Dungeon Overview and Level Annotations

Branches:
Dungeon (1/1)

Altars:
Ashenzari
Cheibriados
Dithmenos
Elyvilon
Fedhas
Gozag
Hepliaklqana
Kikubaaqudgha
Makhleb
Nemelex Xobeh
Okawaru
Qazlal
Ru
Sif Muna
Trog
Uskayaw
Vehumet
Wu Jian
Xom
Yredelemnul
Zin
The Shining One
Beogh
Jiyva
Lugonu

Annotations:
D 1 transporter


Innate Abilities, Weirdness & Mutations

You cannot be hasted, slowed, berserked, paralysed or teleported.
You can dig through walls and to a lower floor.
Your four strong arms can wield two-handed weapons with a shield.
You have a pair of large antennae on your head. (SInv)


Message History

The air elemental hits you but does no damage.
You block the deep elf knight's attack.
GONNNNG!
The earth elemental hits you!!
* * * LOW HITPOINT WARNING * * *
The air elemental is engulfed in blazing flames.
You destroy the air elemental!
Qazlal accepts your kill.
The storm surrounding you is now powerful enough to repel missiles.
You will now adapt resistances upon receiving elemental damage.
Your Armour skill increases to level 9!
You have reached level 9!
Your experience leads to an increase in your attributes!
Your base attributes are Str 18, Int 12, Dex 11.
Increase (S)trength, (I)ntelligence, or (D)exterity?
You feel stronger.
The deep elf knight points at you and mumbles some strange words.
The shard of ice hits you!!! You partially resist.
Ouch! That really hurt!
You die...

▓..©..▓..©..▓▓▓▓▓▓▓
▓▓▓▓▓▓▓▓▓▓▓▓▓▓▓▓▓▓▓
▓..8©8...▓..8©8...▓
▓...|)...▓..=))...▓
▓...|....▓..:.|...▓
▓........▓....≈...▓
▓........▓..e.....▓
▓........▓.▓)☼E.▓.▓
▓...©....▓...©@...▓
▓▓▓▓▓▓▓▓▓▓▓▓▓▓▓▓▓▓▓


{{{{ {{{ {{{ {{{ You could see a deep elf knight (invisible) and an earth
elemental.

Vanquished Creatures
  A deep elf knight (D)
  An air elemental (D)
  2 fire elementals (D)
  A hell hound (D)
  3 phantoms (D)
  A crimson imp (D)
  2 shadow imps (D)
  A white imp (D)
  An ufetubus (D)
  2 fire vortices (D)
15 creatures vanquished.

Vanquished Creatures (others)
  A dancing weapon (D)
  A spatial maelstrom (D)
2 creatures vanquished.

Grand Total: 17 creatures vanquished

Notes
Turn   | Place    | Note
-------+----------+-------------------------------------------
     0 | D        | Found the +6 Majin-Bo {vamp, Archmagi MP+6 Int+6}
     0 | D        | Found the +7 great mace "Firestarter" {inner flame, rF++}
     0 | D        | wilfster70 the Formicid Hunter began the quest for the Orb.
     0 | D        | Reached XP level 1. HP: 16/16 MP: 1/1
     2 | D        | Banished a spatial maelstrom
    14 | D        | Found a blossoming altar of Fedhas.
    15 | D        | Found a viscous altar of Jiyva.
    15 | D        | Found a hazy altar of Hepliaklqana.
    15 | D        | Found a transporter.
    15 | D        | Found an opulent altar of Gozag.
    15 | D        | Found an ancient bone altar of Kikubaaqudgha.
    15 | D        | Found a corrupted altar of Lugonu.
    18 | D        | Found a burning altar of Makhleb.
    19 | D        | Found a stormy altar of Qazlal.
    19 | D        | Found a sacrificial altar of Ru.
    19 | D        | Found an iron altar of Okawaru.
    19 | D        | Found a deep blue altar of Sif Muna.
    19 | D        | Found a sparkling altar of Nemelex Xobeh.
    19 | D        | Found a bloodstained altar of Trog.
    23 | D        | Found the +9 heavy crossbow "Sniper" {velocity, Acc+∞ SInv}
    23 | D        | Found the +10 dark maul {crush}
    23 | D        | Found the +15 Maxwell's patent armour {-Cast -Tele rElec
                  | MR+ rCorr}
    23 | D        | Found the +18 shield of the Gong {rElec rN+ MR+ EV-5}
    23 | D        | Found the cursed +14 obsidian axe {chop, +Fly SInv *Curse}
    35 | D        | Found the +6 shillelagh "Devastator" {shatter}
    35 | D        | Found the +11 plutonium sword {*Contam Stlth-}
    35 | D        | Found the +8 lance "Wyrmbane" {slay drac, rPois rF+ rC+
                  | AC+3}
    35 | D        | Found the +9 sword of Zonguldrok {reap}
    35 | D        | Found the cursed +13 scythe of Curses {drain, *Curse}
    35 | D        | Found the +0 sword of Power
    35 | D        | Found the +7 mace of Variability {chain chaos}
    35 | D        | Found the +7 Singing Sword {slice, sonic wave}
    35 | D        | Found the +7 longbow "Piercer" {penet, EV-2}
    69 | D        | Became a worshipper of Qazlal Stormbringer
    72 | D        | Reached skill level 5 in Crossbows
    72 | D        | Reached XP level 2. HP: 25/25 MP: 1/4
   121 | D        | Entered arena 2.
   121 | D        | Found a transporter.
   187 | D        | Entered arena 3.
   187 | D        | Noticed a phantom
   187 | D        | Noticed a phantom
   187 | D        | Noticed a phantom
   187 | D        | Found a transporter.
   191 | D        | Killed a phantom
   191 | D        | Reached * piety under Qazlal
   191 | D        | Reached skill level 5 in Fighting
   191 | D        | Reached skill level 6 in Crossbows
   191 | D        | Reached skill level 5 in Shields
   191 | D        | Reached skill level 5 in Invocations
   191 | D        | Reached XP level 3. HP: 33/33 MP: 4/6
   191 | D        | Reached XP level 4. HP: 39/39 MP: 4/7
   191 | D        | Reached XP level 5. HP: 44/44 MP: 4/8
   193 | D        | Killed a phantom
   193 | D        | Reached skill level 5 in Armour
   193 | D        | Reached XP level 6. HP: 52/52 MP: 4/10
   194 | D        | Killed a phantom
   194 | D        | Reached ** piety under Qazlal
   194 | D        | Reached skill level 7 in Crossbows
   246 | D        | Entered arena 4.
   246 | D        | Noticed a hell hound
   246 | D        | Found a transporter.
   247 | D        | Killed a hell hound
   247 | D        | Reached XP level 7. HP: 60/60 MP: 12/12
   250 | D        | Reached *** piety under Qazlal
   268 | D        | Got the Incunabulum of Dark Magic
   270 | D        | Entered arena 5.
   270 | D        | Noticed a fire elemental
   270 | D        | Noticed a fire elemental
   270 | D        | Found a transporter.
   275 | D        | Killed a fire elemental
   275 | D        | Reached skill level 8 in Crossbows
   276 | D        | Killed a fire elemental
   276 | D        | Reached skill level 9 in Crossbows
   276 | D        | Reached XP level 8. HP: 45/68 MP: 8/14
   381 | D        | Entered arena 6.
   381 | D        | Noticed a deep elf knight
   381 | D        | Noticed a deep elf knight
   381 | D        | Noticed an air elemental
   381 | D        | Noticed a +1 mace of protection
   381 | D        | Found a transporter.
   383 | D        | Killed a +1 mace of protection
   384 | D        | Killed a deep elf knight
   384 | D        | Reached skill level 10 in Crossbows
   386 | D        | HP: 3/71 [earth elemental (18)]
   386 | D        | Killed an air elemental
   386 | D        | Reached **** piety under Qazlal
   386 | D        | Reached XP level 9. HP: 3/76 MP: 1/16
   386 | D        | Killed from afar by a deep elf knight

Skill      XL: |  1  2  3  4  5  6  7  8 |
---------------+-------------------------+-----
Fighting       | 4 5 6 7 8 9 |  9.3
Crossbows      | 5 6 7 9 10 | 10.6
Armour         | 3 4 5 6 7 9 |  9.0
Shields        | 3 5 6 7 8 9 |  9.2
Invocations    | 3 5 6 7 8 9 |  9.8
Dodging        | |  1.7
Stealth        | |  1.2

Action                   |  1- 3 |  4- 6 |  7- 9 || total
-------------------------+-------+-------+-------++-------
 Fire: Heavy crossbow    |     6 |     4 |    18 ||    28
Invok: Upheaval          |       |       |     1 ||     1
  Use: Potion            |     1 |       |       ||     1
       Scroll            |       |     4 |     4 ||     8
Armor: Gold dragon scale |     2 |       |    20 ||    22
Dodge: Dodged            |       |       |     2 ||     2
Block: Shield            |     6 |     2 |    30 ||    38
